PAAA
PLYMOUTH ROCKS @ FLORIDA MEN
07/31/2025
 
TOP OF THE 1ST
Plymouth Rocks batting - Pitching for Florida Men : RHP Jorge Silva
Pitching: RHP Jorge Silva
Batting: LHB Motoshige Kitamura 0-0: Ball
1-0: Ball
2-0: Ball
3-0: Base on Balls
Batting: RHB Sang-yeon Kim 0-0: Ball
1-0: Ball
2-0: Ground out 5-3 (Groundball, 56S)
Motoshige Kitamura to second
Batting: LHB Carl Gore 0-0: Ball
1-0: Ball
2-0: Foul Ball, location: 2F
2-1: Ball
3-1: Foul Ball, location: 2F
3-2: Foul Ball, location: 2F
3-2: Fly out, F9 (Flyball, 9LM)
Batting: LHB Carlos Álvarez 0-0: Ball
1-0: 2-RUN HOME RUN (Flyball, 8LXD), Distance : 439 ft
Batting: RHB Augusto Rocha 0-0: Ball
1-0: Ball
2-0: Ball
3-0: Called Strike
3-1: Fly out, F8 (Flyball, 8RD)
Top of the 1st over - 2 run(s), 1 hit(s), 0 error(s), 0 left on base; Plymouth 2 - Florida 0
BOTTOM OF THE 1ST
Florida Men batting - Pitching for Plymouth Rocks : RHP Culley Sandoval
Pitching: RHP Culley Sandoval
Batting: RHB Lorenzo Díaz 0-0: Foul Ball, location: 2F
0-1: Ball
1-1: Foul Ball, location: 2F
1-2: DOUBLE (Line Drive, 3D)
Batting: RHB Pat Ings 0-0: Ground out 6-3 (Groundball, 6)
Batting: RHB Raúl Ruíz 0-0: DOUBLE (Groundball, 5L)
Lorenzo Díaz scores
Batting: LHB Bastyão Lizardo 0-0: Ball
Balk!
Raúl Ruíz to third
1-0: Called Strike
1-1: Swinging Strike
1-2: Foul Ball, location: 2F
1-2: DOUBLE (Line Drive, 7LM)
Raúl Ruíz scores
Batting: SHB Jim Unknown 0-0: Ball
1-0: Ball
2-0: Called Strike
2-1: Ball
3-1: Base on Balls
Batting: SHB Luis Gutiérrez 0-0: Fielders Choice at 2nd, 1-4 (Groundball, 15S)
Bastyão Lizardo to third
Batting: RHB Max Banham 0-0: Ground out 2-3 (Groundball, 2L)
Bottom of the 1st over - 2 run(s), 3 hit(s), 0 error(s), 2 left on base; Plymouth 2 - Florida 2
TOP OF THE 2ND
Plymouth Rocks batting - Pitching for Florida Men : RHP Jorge Silva
Batting: RHB Hubert Dodson 0-0: Ball
1-0: Ball
2-0: Ball
3-0: Base on Balls
Batting: RHB Jack Weber 0-0: Ball
1-0: Foul Ball, location: 2F
1-1: Ball
2-1: Foul Ball, location: 2F
2-2: Strikes out swinging
Batting: RHB Ken Fulton 0-0: Swinging Strike
0-1: Ball
1-1: Swinging Strike
1-2: Ball
2-2: Strikes out swinging
Batting: LHB Kent Roberts 0-0: Ball
Hubert Dodson is caught stealing 2nd base
Top of the 2nd over - 0 run(s), 0 hit(s), 0 error(s), 0 left on base; Plymouth 2 - Florida 2
BOTTOM OF THE 2ND
Florida Men batting - Pitching for Plymouth Rocks : RHP Culley Sandoval
Batting: RHB Jim Unknown 0-0: DOUBLE (Groundball, 5L)
Batting: RHB Al Thomas 0-0: Ball
1-0: Fly out, F9 (Flyball, 89D)
Runner from 2nd tags up, SAFE at 3rd, no throw
Batting: RHB Lorenzo Díaz 0-0: Ball
1-0: Ball
2-0: Called Strike
2-1: SINGLE (Flyball, 8RS)
Jim Unknown scores
Batting: RHB Pat Ings 0-0: Called Strike
0-1: Fly out, F4 (Line Drive, 4)
Batting: RHB Raúl Ruíz 0-0: Called Strike
0-1: Ball
1-1: SINGLE (Flyball, 78S)
Lorenzo Díaz to second
Batting: LHB Bastyão Lizardo 0-0: SINGLE (Line Drive, 4M)
Lorenzo Díaz to third
Raúl Ruíz to second
Runner from 3rd tries for Home, SAFE, no throw
Batting: SHB Jim Unknown 0-0: Called Strike
0-1: Ball
1-1: Ball
2-1: Swinging Strike
2-2: Ball
3-2: Base on Balls
Raúl Ruíz to third
Bastyão Lizardo to second
Batting: SHB Luis Gutiérrez 0-0: Called Strike
0-1: Called Strike
0-2: Strikes out swinging
Bottom of the 2nd over - 2 run(s), 4 hit(s), 0 error(s), 3 left on base; Plymouth 2 - Florida 4
TOP OF THE 3RD
Plymouth Rocks batting - Pitching for Florida Men : RHP Jorge Silva
Batting: LHB Kent Roberts 0-0: Foul Ball, location: 2F
0-1: Ball
1-1: Foul Ball, location: 2F
1-2: Ball
2-2: Strikes out swinging
Batting: LHB Motoshige Kitamura 0-0: Called Strike
0-1: Ball
1-1: SINGLE (Groundball, 3D)
Batting: RHB Sang-yeon Kim 0-0: Grounds into double play, 4-6-3 (Groundball, 4)
Top of the 3rd over - 0 run(s), 1 hit(s), 0 error(s), 0 left on base; Plymouth 2 - Florida 4
BOTTOM OF THE 3RD
Florida Men batting - Pitching for Plymouth Rocks : RHP Culley Sandoval
Batting: RHB Max Banham 0-0: Ball
1-0: Ground out 6-3 (Groundball, 6)
Batting: RHB Jim Unknown 0-0: Ball
1-0: Foul Ball, location: 2F
1-1: Ball
2-1: Called Strike
2-2: Ball
3-2: Foul Ball, location: 2F
3-2: Foul Ball, location: 2F
3-2: Foul Ball, location: 2F
3-2: Ground out 6-3 (Groundball, 6)
Batting: RHB Al Thomas 0-0: Called Strike
0-1: Swinging Strike
0-2: Ball
1-2: Foul Ball, location: 2F
1-2: Ball
2-2: Ball
3-2: Base on Balls
Batting: RHB Lorenzo Díaz 0-0: Ball
1-0: Fly out, F8 (Flyball, 89M)
Bottom of the 3rd over - 0 run(s), 0 hit(s), 0 error(s), 1 left on base; Plymouth 2 - Florida 4
TOP OF THE 4TH
Plymouth Rocks batting - Pitching for Florida Men : RHP Jorge Silva
Batting: LHB Carl Gore 0-0: Called Strike
0-1: Ball
1-1: Foul Ball, location: 2F
1-2: Ball
2-2: Ball
3-2: SINGLE (Groundball, 4MD)
Batting: LHB Carlos Álvarez 0-0: Called Strike
Balk!
Carl Gore to second
0-1: Ball
1-1: Fly out, F9 (Line Drive, 9LM)
Batting: RHB Augusto Rocha 0-0: Ball
1-0: Ball
2-0: Called Strike
2-1: Ball
3-1: Foul Ball, location: 2F
3-2: SINGLE (Line Drive, 8LS)
Carl Gore to third
Runner from 3rd tries for Home, SAFE, throw made home
Augusto Rocha to second
Batting: RHB Hubert Dodson 0-0: Ball
1-0: Ball
2-0: Called Strike
2-1: Foul Ball, location: 2F
2-2: SINGLE (Line Drive, 89S)
Augusto Rocha to third
Runner from 3rd tries for Home, SAFE, no throw
Batting: RHB Jack Weber 0-0: Called Strike
Hubert Dodson is caught stealing 2nd base
0-1: Swinging Strike
0-2: Ball
1-2: Ground out U3 (Groundball, 34)
Top of the 4th over - 2 run(s), 3 hit(s), 0 error(s), 0 left on base; Plymouth 4 - Florida 4
BOTTOM OF THE 4TH
Florida Men batting - Pitching for Plymouth Rocks : RHP Culley Sandoval
Batting: RHB Pat Ings 0-0: Ball
1-0: Foul Ball, location: 2F
1-1: Fly out, F7 (Line Drive, 78D)
Batting: RHB Raúl Ruíz 0-0: Foul Ball, location: 2F
0-1: SINGLE (Line Drive, 78S)
Batting: LHB Bastyão Lizardo 0-0: Ball
1-0: Foul Ball, location: 2F
1-1: Ball
2-1: Swinging Strike
2-2: Ball
3-2: Fly out, F9 (Flyball, 9D)
Batting: SHB Jim Unknown 0-0: Called Strike
0-1: Called Strike
0-2: Ball
1-2: Fly out, F6 (Line Drive, 6)
Bottom of the 4th over - 0 run(s), 1 hit(s), 0 error(s), 1 left on base; Plymouth 4 - Florida 4
TOP OF THE 5TH
Plymouth Rocks batting - Pitching for Florida Men : RHP Jorge Silva
Batting: RHB Ken Fulton 0-0: Called Strike
0-1: Ball
1-1: Ball
2-1: Fly out, F9 (Flyball, 9LMF)
Batting: LHB Kent Roberts 0-0: Ball
1-0: Fly out, F4 (Line Drive, 4M)
Batting: LHB Motoshige Kitamura 0-0: Called Strike
0-1: Ball
1-1: Swinging Strike
1-2: Strikes out looking
Top of the 5th over - 0 run(s), 0 hit(s), 0 error(s), 0 left on base; Plymouth 4 - Florida 4
BOTTOM OF THE 5TH
Florida Men batting - Pitching for Plymouth Rocks : RHP Culley Sandoval
Batting: SHB Luis Gutiérrez 0-0: Ball
1-0: Called Strike
1-1: Foul Ball, location: 2F
1-2: SINGLE (Line Drive, 8RS)
Batting: RHB Max Banham 0-0: Foul Ball, location: 2F
0-1: Swinging Strike
0-2: Ball
1-2: Foul Ball, location: 2F
1-2: Fly out, F9 (Line Drive, 9)
Pitching: RHP Rubén Rodríguez
Batting: RHB Jim Unknown 0-0: Ball
Luis Gutiérrez steals 2nd base
1-0: Foul Ball, location: 2F
1-1: SINGLE (Groundball, 4) (infield hit)
Luis Gutiérrez to third
Batting: RHB Al Thomas 0-0: Ball
1-0: Ball
2-0: Ball
3-0: Base on Balls
Jim Unknown to second
Batting: RHB Lorenzo Díaz 0-0: Ball
Balk!
Luis Gutiérrez scores
Jim Unknown to third
Al Thomas to second
1-0: Ball
2-0: SINGLE (Groundball, 34D)
Jim Unknown scores
Al Thomas to third
Runner from 3rd tries for Home, SAFE, throw made home
Batting: RHB Pat Ings 0-0: SINGLE (Line Drive, 4MD)
Lorenzo Díaz to second
Batting: RHB Raúl Ruíz 0-0: Swinging Strike
0-1: Ball
1-1: Ball
2-1: Called Strike
2-2: Strikes out swinging
Batting: LHB Bastyão Lizardo 0-0: Called Strike
0-1: Fielders Choice at 2nd, U6 (Groundball, 6M)
Bottom of the 5th over - 3 run(s), 4 hit(s), 0 error(s), 2 left on base; Plymouth 4 - Florida 7
TOP OF THE 6TH
Plymouth Rocks batting - Pitching for Florida Men : RHP Jorge Silva
Batting: RHB Sang-yeon Kim 0-0: Ball
1-0: Ball
2-0: Foul Ball, location: 2F
2-1: Ball
3-1: Base on Balls
Batting: LHB Carl Gore 0-0: Called Strike
Sang-yeon Kim is caught stealing 2nd base
0-1: Foul Ball, location: 2F
0-2: Ball
1-2: Ball
2-2: Ball
3-2: Ground out 4-3 (Groundball, 4)
Batting: LHB Carlos Álvarez 0-0: Ball
1-0: Ball
2-0: SINGLE (Groundball, 34D)
Pitching: RHP Orlando Miranda
Batting: RHB Augusto Rocha 0-0: Ball
1-0: Foul Ball, location: 2F
1-1: Ball
2-1: SINGLE (Groundball, 6MD)
Carlos Álvarez to second
Runner from 2nd tries for 3rd, SAFE, throw made to third
Augusto Rocha to second
Batting: RHB Hubert Dodson 0-0: Ball
1-0: Ball
2-0: Called Strike
2-1: Foul Ball, location: 2F
2-2: Ground out 4-3 (Groundball, 4)
Top of the 6th over - 0 run(s), 2 hit(s), 0 error(s), 2 left on base; Plymouth 4 - Florida 7
BOTTOM OF THE 6TH
Florida Men batting - Pitching for Plymouth Rocks : RHP Rubén Rodríguez
Batting: SHB Jim Unknown 0-0: Ball
1-0: Ground out 4-3 (Groundball, 4)
Batting: SHB Luis Gutiérrez 0-0: Ball
1-0: Called Strike
1-1: Foul Ball, location: 2F
1-2: Foul Ball, location: 2F
1-2: Ground out U3 (Groundball, 3S)
Batting: RHB Max Banham 0-0: Called Strike
0-1: Ball
1-1: Called Strike
1-2: Ball
2-2: Strikes out swinging
Bottom of the 6th over - 0 run(s), 0 hit(s), 0 error(s), 0 left on base; Plymouth 4 - Florida 7
TOP OF THE 7TH
Plymouth Rocks batting - Pitching for Florida Men : RHP Orlando Miranda
Batting: RHB Jack Weber 0-0: Called Strike
0-1: Ball
1-1: Foul Ball, location: 2F
1-2: Ball
2-2: Fly out, F8 (Flyball, 78D)
Batting: RHB Ken Fulton 0-0: Called Strike
0-1: Called Strike
0-2: Ball
1-2: Strikes out swinging
Batting: LHB Kent Roberts 0-0: Called Strike
0-1: Fly out, F9 (Flyball, 9LMF)
Top of the 7th over - 0 run(s), 0 hit(s), 0 error(s), 0 left on base; Plymouth 4 - Florida 7
BOTTOM OF THE 7TH
Florida Men batting - Pitching for Plymouth Rocks : RHP Rubén Rodríguez
Batting: RHB Jim Unknown 0-0: Foul Ball, location: 2F
0-1: Swinging Strike
0-2: Ball
1-2: SINGLE (Line Drive, 6MD)
Batting: RHB Al Thomas 0-0: Sac Bunt - play at first, batter OUT! 2-3
Jim Unknown to second
Batting: RHB Lorenzo Díaz 0-0: Ball
1-0: Swinging Strike
1-1: Ball
Passed Ball!
Jim Unknown to third
2-1: DOUBLE (Line Drive, 9LM)
Jim Unknown scores
Pitching: LHP Lúcio Benítez
Batting: RHB Pat Ings 0-0: TRIPLE (Flyball, 9D)
Lorenzo Díaz scores
Batting: RHB Raúl Ruíz 0-0: Called Strike
0-1: Ball
1-1: SINGLE (Flyball, 7LS)
Pat Ings scores
Batting: LHB Bastyão Lizardo 0-0: Ball
1-0: Ball
2-0: Called Strike
2-1: Foul Ball, location: 2F
2-2: Ball
3-2: Grounds into double play, 4-6-3 (Groundball, 4)
Bottom of the 7th over - 3 run(s), 4 hit(s), 0 error(s), 0 left on base; Plymouth 4 - Florida 10
TOP OF THE 8TH
Plymouth Rocks batting - Pitching for Florida Men : RHP Orlando Miranda
Batting: LHB Motoshige Kitamura 0-0: Ball
1-0: Foul Ball, location: 2F
1-1: Called Strike
1-2: Ball
2-2: Ball
3-2: Foul Ball, location: 2F
3-2: Base on Balls
Batting: RHB Sang-yeon Kim 0-0: Foul Ball, location: 2F
0-1: Foul Ball, location: 2F
0-2: Ball
1-2: Foul Ball, location: 2F
1-2: Ball
2-2: Foul Ball, location: 2F
2-2: Ball
3-2: Base on Balls
Motoshige Kitamura to second
Pitching: RHP Jorge Cantú
Batting: LHB Carl Gore 0-0: Foul Ball, location: 2F
0-1: Ball
1-1: Ball
2-1: Hit by Pitch
Motoshige Kitamura to third
Sang-yeon Kim to second
Batting: LHB Carlos Álvarez 0-0: Ball
1-0: Called Strike
1-1: Fly out, F9 (Flyball, 89M)
Runner from 3rd tags up, SCORES, throw made
Batting: RHB Augusto Rocha 0-0: Ball
1-0: Ball
2-0: Called Strike
2-1: Ball
Wild Pitch!
Sang-yeon Kim to third
Carl Gore to second
3-1: Base on Balls
Pitching: RHP Pedro Núñez
Batting: RHB Hubert Dodson 0-0: Ball
1-0: Ball
2-0: Foul Ball, location: 2F
2-1: Foul Ball, location: 2F
2-2: Ground out 6-3 (Groundball, 6S)
Sang-yeon Kim scores
Carl Gore to third
Augusto Rocha to second
Batting: RHB Jack Weber 0-0: Ball
1-0: Called Strike
1-1: Ball
2-1: Ball
3-1: Called Strike
3-2: 3-RUN HOME RUN (Flyball, 7D), Distance : 390 ft
Batting: RHB Ken Fulton 0-0: Called Strike
0-1: Ball
1-1: Ground out 5-3 (Groundball, 56)
Top of the 8th over - 5 run(s), 1 hit(s), 0 error(s), 0 left on base; Plymouth 9 - Florida 10
BOTTOM OF THE 8TH
Florida Men batting - Pitching for Plymouth Rocks : LHP Lúcio Benítez
Batting: SHB Jim Unknown 0-0: Ball
1-0: Fly out, F5 (Popup, 56)
Batting: SHB Luis Gutiérrez 0-0: Called Strike
0-1: Swinging Strike
0-2: Ground out 1-3 (Groundball, 13S)
Batting: RHB Max Banham 0-0: Ball
1-0: Ball
2-0: Foul Ball, location: 2F
2-1: Ball
3-1: Base on Balls
Pinch Hitting: RHB Aaron Phillips 0-0: Called Strike
0-1: Ball
Wild Pitch!
Max Banham to second
1-1: SINGLE (Groundball, 56D)
Max Banham to third
Batting: RHB Al Thomas 0-0: Called Strike
0-1: Swinging Strike
0-2: Ball
1-2: Foul Ball, location: 2F
1-2: Ball
2-2: SINGLE (Line Drive, 8LS)
Max Banham scores
Aaron Phillips to second
Batting: RHB Lorenzo Díaz 0-0: Ball
1-0: Called Strike
1-1: Foul Ball, location: 2F
1-2: Ball
2-2: Ball
3-2: Base on Balls
Aaron Phillips to third
Al Thomas to second
Batting: RHB Pat Ings 0-0: Ball
1-0: Fly out, F8 (Flyball, 89S)
Bottom of the 8th over - 1 run(s), 2 hit(s), 0 error(s), 3 left on base; Plymouth 9 - Florida 11
TOP OF THE 9TH
Plymouth Rocks batting - Pitching for Florida Men : RHP Pedro Núñez
Pitching: RHP Carlos González
Now in LF: Jim Unknown
Batting: LHB Kent Roberts 0-0: Ball
1-0: Foul Ball, location: 2F
1-1: Ball
2-1: Swinging Strike
2-2: Strikes out swinging
Batting: LHB Motoshige Kitamura 0-0: Called Strike
0-1: DOUBLE (Flyball, 9D)
Batting: RHB Sang-yeon Kim 0-0: Called Strike
0-1: Ground out 4-3 (Groundball, 4MD)
Motoshige Kitamura to third
Batting: LHB Carl Gore 0-0: Called Strike
0-1: Ball
1-1: Ground out 1-3 (Groundball, 13S)
Top of the 9th over - 0 run(s), 1 hit(s), 0 error(s), 1 left on base; Plymouth 9 - Florida 11
Friday, December 30th, 2016 - OOTP Baseball 17.12 Build 75